Map: Jagannatha LE

Players

PtitDrogo - Winner!

  • Race: Protoss Protoss

Denver

  • Race: Zerg Zerg

Event: DreamHack SC2 Masters 2021 Fall

VOD

Have the link to the VOD?

Description

Time

  • Played on: July 29, 2021, 11:32 a.m.
  • Length: 25:54

All games in this series

Show
View Real Time Build Order
Export as new Build Order

PtitDrogo Protoss - Winner!

Build Orders: 1 Gate Expand, Oracle Opening, Archon Immortal, Carriers 

Get SALT Encoding   

  12  0:00  Probe  
  13  0:12  Probe  
  14  0:20  Pylon  
  14  0:25  Probe  
  15  0:38  Probe (Chrono Boost)  
  15  0:40  Gateway  
  16  0:47  Probe (Chrono Boost)  
  17  0:50  Assimilator  
  17  0:52  Probe  
  18  1:04  Probe  
  19  1:17  Probe  
  20  1:27  Nexus  
  20  1:37  Cybernetics Core  
  20  1:40  Probe  
  21  1:47  Assimilator  
  21  1:53  Probe  
  22  1:56  Pylon  
  22  2:05  Probe  
  23  2:12  Adept (Chrono Boost)  
  25  2:17  Stargate  
  25  2:19  Probe  
  26  2:26  Warp Gate  
  26  2:32  Adept (Chrono Boost), Probe (Chrono Boost)  
  29  2:40  Probe (Chrono Boost)  
  31  2:48  Probe (Chrono Boost)  
  31  2:49  Probe (Chrono Boost)  
  32  2:54  Probe (Chrono Boost)  
  32  2:55  Adept, Probe  
  36  3:01  Void Ray (Chrono Boost)  
  36  3:06  Probe  
  36  3:07  Probe  
  42  3:15  Pylon  
  42  3:18  Probe  
  42  3:19  Probe  
  44  3:30  Probe  
  44  3:31  Probe  
  44  3:34  Oracle (Chrono Boost)  
  44  3:39  Gateway  
  45  3:42  Probe  
  45  3:43  Probe  
  47  3:52  Pylon  
  47  3:54  Probe  
  48  3:55  Probe  
  49  4:05  Nexus  
  49  4:06  Probe  
  49  4:07  Pylon  
  49  4:08  Probe  
  51  4:13  Assimilator  
  51  4:15  Assimilator  
  51  4:18  Probe  
  51  4:20  Stargate  
  51  4:22  Probe  
  53  4:31  Probe  
  54  4:32  Void Ray  
  54  4:34  Probe  
  59  4:41  Forge  
  59  4:43  Probe (Chrono Boost)  
  59  4:44  Adept x2  
  64  4:46  Probe (Chrono Boost)  
  64  4:50  Shield Battery  
  66  4:53  Pylon  
  66  4:54  Probe (Chrono Boost)  
  66  5:01  Probe (Chrono Boost)  
  66  5:04  Probe  
  66  5:05  Void Ray  
  68  5:11  Twilight Council  
  68  5:13  Probe  
  73  5:16  Void Ray, Probe (Chrono Boost)  
  74  5:24  Probe (Chrono Boost)  
  81  5:29  Assimilator, Probe (Chrono Boost)  
  81  5:31  Assimilator, Probe (Chrono Boost)  
  81  5:33  Protoss Ground Weapons Level 1  
  81  5:35  Probe (Chrono Boost)  
  82  5:36  Probe (Chrono Boost)  
  82  5:39  Protoss Air Weapons Level 1, Probe (Chrono Boost)  
  82  5:40  Probe (Chrono Boost)  
  85  5:43  Pylon, Probe  
  85  5:49  Probe  
  87  5:50  Charge  
  87  5:51  Probe  
  87  5:53  Robotics Facility  
  88  5:57  Probe  
  88  6:02  Photon Cannon, Probe  
  90  6:11  Pylon  
  90  6:13  Pylon  
  90  6:16  Probe  
  91  6:21  Gateway x2  
  91  6:24  Templar Archives  
  91  6:25  Gateway  
  91  6:26  Gateway  
  91  6:27  Void Ray, Probe  
  91  6:32  Gateway  
  92  6:33  Shield Battery  
  92  6:34  Photon Cannon  
  96  6:41  Observer (Chrono Boost)  
  96  6:44  Robotics Bay  
  96  6:45  Pylon  
  97  6:48  Pylon x2  
  97  6:52  Probe  
  97  6:53  Probe  
  99  6:57  Gateway  
  99  7:01  Gateway  
  99  7:02  Probe  
  99  7:04  Immortal (Chrono Boost)  
  104  7:09  Zealot  
  106  7:18  Photon Cannon  
  106  7:22  Shield Battery  
  106  7:24  Photon Cannon  
  106  7:26  Nexus, Shield Battery  
  106  7:27  Pylon  
  106  7:34  Protoss Ground Weapons Level 2 (Chrono Boost)  
  106  7:40  Disruptor (Chrono Boost), High Templar x3  
  106  7:42  High Templar  
  106  7:43  Sentry, Zealot x2  
  123  7:47  Archon x2  
  123  7:48  Probe  
  123  7:49  Probe  
  123  7:50  Probe  
  123  7:51  Pylon  
  126  7:57  Stalker x2  
  130  8:01  Probe  
  131  8:06  Stalker x2  
  131  8:07  Disruptor (Chrono Boost)  
  131  8:09  Probe x2  
  140  8:13  Assimilator  
  140  8:15  Assimilator  
  140  8:18  Probe  
  141  8:21  Robotics Facility  
  141  8:24  Probe  
  142  8:28  Probe  
  142  8:30  Pylon  
  142  8:31  Photon Cannon, Stalker  
  145  8:34  Probe  
  145  8:36  Robotics Facility  
  145  8:38  Probe  
  145  8:39  Blink (Chrono Boost), Stalker  
  145  8:40  Probe  
  150  8:44  Disruptor (Chrono Boost), Probe  
  154  8:48  Probe  
  154  8:55  Gateway x2  
  155  8:58  Gateway  
  155  9:00  Pylon  
  155  9:05  Zealot x3  
  155  9:09  Disruptor (Chrono Boost), High Templar x2  
  168  9:13  Archon, Immortal (Chrono Boost)  
  172  9:17  Pylon  
  172  9:18  Pylon  
  172  9:19  Pylon  
  172  9:33  Fleet Beacon  
  172  9:36  Observer (Chrono Boost)  
  167  9:38  Nexus  
  161  9:50  Immortal x2 (Chrono Boost)  
  169  9:54  Protoss Ground Weapons Level 3 (Chrono Boost), Immortal (Chrono Boost)  
  169  9:55  Pylon  
  169  9:57  Assimilator  
  171  10:02  Assimilator, Shield Battery  
  171  10:06  Zealot x3  
  175  10:12  Dark Shrine  
  173  10:26  Immortal (Chrono Boost)  
  171  10:30  Stalker x2  
  175  10:44  Photon Cannon  
  175  10:45  Photon Cannon, Immortal x2 (Chrono Boost)  
  175  10:47  Photon Cannon  
  175  10:49  Shield Battery  
  183  10:55  Stargate  
  183  10:56  Stargate  
  183  10:58  Stargate  
  183  11:04  Protoss Air Weapons Level 2 (Chrono Boost)  
  183  11:06  Photon Cannon  
  183  11:09  Photon Cannon  
  180  11:11  Photon Cannon  
  180  11:15  Immortal (Chrono Boost)  
  192  11:25  Zealot x3, Immortal x2 (Chrono Boost)  
  198  11:26  Dark Templar  
  198  11:46  Warp Prism (Chrono Boost)  
  196  11:58  Probe  
  196  12:04  Immortal (Chrono Boost)  
  196  12:07  High Templar x2  
  200  12:12  Archon  
  200  12:18  Pylon  
  198  12:24  Gateway  
  198  12:25  Gateway  
  198  12:26  Gateway  
  198  12:27  Gateway  
  196  13:12  Stargate  
  196  13:14  Stargate  
  196  13:18  Stargate  
  196  13:20  Nexus  
  196  13:21  Pylon  
  186  13:35  Tempest x2 (Chrono Boost)  
  186  13:40  Tempest (Chrono Boost)  
  195  13:56  Photon Cannon  
  195  13:57  Photon Cannon  
  195  13:59  Photon Cannon  
  195  14:01  Shield Battery  
  191  14:06  Assimilator  
  191  14:07  Assimilator  
  187  14:12  Tempest x2  
  193  14:26  Tempest  
  193  14:30  Void Ray  
  193  14:42  Carrier (Chrono Boost)  
  183  15:01  Carrier x2 (Chrono Boost)  
  167  15:12  Stalker x12  
  167  15:14  Carrier x2 (Chrono Boost)  
  192  15:29  Psionic Storm  
  192  15:31  Carrier (Chrono Boost)  
  192  15:32  Zealot x3  
  192  15:33  Dark Templar  
  190  16:25  Carrier  
  196  16:37  Oracle  
  196  16:38  Probe  
  198  17:00  Protoss Air Weapons Level 3 (Chrono Boost)  
  196  17:08  Dark Templar x2  
  200  17:16  Shield Battery  
  200  17:17  Shield Battery  
  200  17:19  Shield Battery  
  200  17:20  Shield Battery  
  200  17:21  Shield Battery  
  200  17:22  Shield Battery  
  197  17:28  Mothership (Chrono Boost)  
  193  18:08  Carrier (Chrono Boost)  
  196  18:22  Dark Templar x3  
  199  18:27  Archon  
  185  18:41  Zealot x10  
  188  18:44  Probe (Chrono Boost)  
  200  18:49  Shield Battery  
  200  18:52  Shield Battery  
  200  19:06  Nexus  
  198  19:10  Void Ray x5 (Chrono Boost)  
  195  19:34  Photon Cannon  
  195  19:35  Photon Cannon  
  195  19:36  Photon Cannon  
  195  19:37  Photon Cannon  
  191  19:39  Pylon  
  191  19:48  Protoss Air Armor Level 1 (Chrono Boost)  
  191  19:51  High Templar x4  
  191  20:15  Carrier (Chrono Boost)  
  197  20:28  Photon Cannon  
  197  20:29  Photon Cannon  
  197  20:31  Pylon, Photon Cannon x2  
  197  20:32  Photon Cannon  
  197  20:33  Photon Cannon  
  197  20:34  Assimilator, Pylon, Nexus  
  197  20:35  Pylon  
  197  20:36  Assimilator  
  195  20:51  Probe  
  195  20:56  Probe  
  197  20:59  Photon Cannon, Zealot  
  197  21:01  Photon Cannon  
  197  21:03  Pylon  
  199  21:05  Pylon  
  199  21:09  Pylon  
  199  21:15  Photon Cannon  
  199  21:16  Photon Cannon  
  199  21:18  Photon Cannon  
  199  21:19  Photon Cannon  
  199  21:20  Protoss Shields Level 1 (Chrono Boost)  
  199  21:21  Photon Cannon  
  199  21:22  Photon Cannon  
  199  21:24  Shield Battery  
  199  21:26  Shield Battery x2  
  199  21:29  Photon Cannon  
  199  21:32  Photon Cannon  
  199  21:33  Pylon  
  181  22:03  Probe  
  167  22:15  High Templar x2  
  167  22:16  Carrier x4 (Chrono Boost)  
  167  22:17  High Templar  
  200  22:31  Oracle (Chrono Boost)  
  200  22:42  Protoss Air Armor Level 2 (Chrono Boost)  
  200  22:51  Pylon  
  200  22:53  Pylon  
  200  23:09  Nexus  
  198  23:15  Shield Battery  
  198  23:17  Shield Battery x2  
  198  23:19  Shield Battery  
  198  23:21  Shield Battery  
  198  23:25  Oracle  
  198  23:37  Pylon  
  198  23:38  Pylon, Zealot  
  198  23:39  Zealot x2  
  192  23:46  Probe  
  193  23:49  Pylon  
  193  23:55  Oracle  
  193  23:56  Oracle  
  193  23:59  Probe  
  200  24:06  Photon Cannon  
  200  24:11  Photon Cannon  
  200  24:14  Shield Battery  
  200  24:16  Shield Battery  
  199  24:17  Shield Battery  
  199  24:18  Shield Battery  
  199  24:19  Shield Battery  
  199  24:21  Shield Battery  
  199  24:22  Shield Battery  
  175  24:39  Void Ray x3  
  175  24:43  Stalker x14  
  175  24:44  Stalker x2  
  185  24:55  Void Ray x4  
  177  25:06  Dark Templar  
  189  25:10  Dark Templar x6  
Show
View Real Time Build Order
Export as new Build Order

Denver Zerg 

Build Orders: Hatch First, Brood Lord Corruptor 

Get SALT Encoding   

  12  0:00  Drone  
  13  0:12  Overlord  
  13  0:17  Drone  
  14  0:31  Drone x2  
  16  0:50  Hatchery  
  16  0:53  Drone  
  16  0:56  Drone  
  17  1:00  Drone  
  18  1:10  Extractor  
  17  1:17  Spawning Pool  
  16  1:19  Drone  
  16  1:24  Drone  
  18  1:31  Drone  
  19  1:41  Drone  
  20  1:51  Overlord  
  20  2:03  Queen x2  
  20  2:04  Zergling x2  
  20  2:05  Zergling x2  
  26  2:12  Metabolic Boost  
  26  2:16  Drone  
  26  2:20  Drone  
  28  2:24  Drone  
  28  2:25  Drone  
  30  2:42  Hatchery  
  29  2:48  Queen  
  31  2:51  Zergling x2  
  31  2:55  Overlord  
  32  3:00  Zergling x2  
  32  3:02  Zergling x2  
  32  3:05  Drone x2  
  35  3:15  Drone x4  
  35  3:16  Drone  
  40  3:21  Overlord  
  40  3:34  Spore Crawler  
  36  3:36  Drone x4  
  36  3:37  Drone  
  41  3:45  Drone x2  
  41  3:46  Drone x2  
  45  3:51  Overlord  
  45  3:55  Overlord  
  45  4:00  Queen  
  47  4:04  Spore Crawler  
  47  4:05  Drone  
  47  4:08  Drone x2  
  49  4:16  Drone x5  
  54  4:25  Drone x3  
  54  4:28  Spore Crawler  
  54  4:29  Evolution Chamber  
  54  4:34  Spore Crawler  
  54  4:36  Drone x4  
  56  4:42  Overlord  
  56  4:44  Drone x4  
  62  4:47  Queen  
  62  4:50  Overlord  
  64  4:56  Roach Warren, Drone x2  
  65  5:02  Lair  
  65  5:05  Zergling x8  
  67  5:10  Drone x4  
  67  5:11  Extractor  
  67  5:12  Extractor, Drone  
  70  5:14  Drone  
  70  5:19  Drone x5  
  74  5:29  Overlord x2  
  74  5:33  Evolution Chamber  
  73  5:38  Roach x4  
  73  5:42  Extractor  
  80  5:44  Drone x2  
  80  5:46  Overlord x2  
  80  5:48  Queen  
  84  5:50  Extractor  
  84  5:55  Queen  
  84  5:57  Drone  
  84  5:58  Drone x3  
  84  5:59  Drone  
  84  6:00  Drone x4  
  93  6:07  Drone x2  
  93  6:08  Drone  
  96  6:13  Extractor  
  96  6:16  Drone x3  
  96  6:17  Drone  
  99  6:18  Spore Crawler  
  99  6:20  Hatchery  
  99  6:22  Overseer  
  99  6:24  Drone x5  
  102  6:29  Queen  
  102  6:30  Infestation Pit  
  102  6:32  Zerg Missile Weapons Level 1  
  103  6:33  Glial Reconstitution  
  103  6:35  Drone  
  104  6:45  Queen  
  105  6:47  Overlord x2  
  105  6:50  Spore Crawler  
  102  6:54  Drone x8  
  110  7:01  Overlord  
  110  7:02  Pneumatized Carapace  
  110  7:03  Overseer  
  110  7:07  Baneling Nest  
  108  7:09  Overlord  
  108  7:12  Pathogen Glands  
  108  7:17  Infestor x4, Overlord  
  108  7:21  Drone  
  117  7:24  Overlord  
  117  7:29  Drone x3  
  120  7:30  Extractor, Spore Crawler  
  120  7:31  Hive  
  120  7:35  Roach x3  
  120  7:36  Roach  
  126  7:41  Evolution Chamber  
  126  7:43  Extractor  
  124  7:50  Roach x7  
  138  7:59  Drone x3  
  138  8:00  Ravager x4  
  138  8:01  Overlord x2  
  145  8:05  Centrifical Hooks  
  145  8:11  Roach x5  
  155  8:17  Overlord  
  155  8:18  Hatchery  
  154  8:21  Zergling x12  
  154  8:23  Zerg Ground Armor Level 1  
  160  8:29  Zergling x4  
  160  8:30  Infestor  
  164  8:35  Overlord  
  164  8:36  Overlord x2  
  164  8:37  Zerg Missile Weapons Level 2  
  164  8:39  Baneling  
  164  8:40  Baneling x4  
  164  8:48  Neural Parasite  
  164  8:53  Overlord x2  
  164  8:56  Drone x9  
  164  9:00  Adrenal Glands  
  173  9:04  Zergling x20  
  183  9:21  Drone x4  
  186  9:24  Spine Crawler  
  186  9:26  Spine Crawler  
  186  9:27  Spine Crawler  
  186  9:29  Spine Crawler  
  179  9:32  Spine Crawler  
  179  9:36  Drone  
  174  9:45  Drone x2  
  174  9:47  Spore Crawler, Extractor  
  174  9:48  Spore Crawler  
  174  9:49  Overseer  
  174  9:50  Spire  
  169  10:02  Queen  
  169  10:06  Baneling x12  
  171  10:11  Drone  
  171  10:12  Drone, Spine Crawler  
  171  10:13  Spine Crawler x2  
  170  10:14  Extractor  
  170  10:16  Queen  
  170  10:38  Hatchery, Zerg Ground Armor Level 2  
  164  10:55  Zerg Missile Weapons Level 3  
  164  11:04  Spine Crawler  
  164  11:06  Greater Spire  
  159  11:14  Corruptor x12  
  181  11:29  Drone x3  
  181  11:30  Spine Crawler  
  167  12:01  Drone x5  
  170  12:08  Spire  
  169  12:12  Hatchery  
  169  12:15  Spine Crawler  
  167  12:20  Zerg Flyer Armor Level 1  
  167  12:22  Brood Lord x9  
  184  12:35  Ultralisk Cavern  
  184  12:36  Corruptor x8  
  197  12:50  Infestor x2  
  193  12:56  Infestor  
  190  13:05  Zergling x10  
  190  13:06  Zergling x10  
  190  13:09  Extractor, Hatchery  
  190  13:10  Extractor  
  196  13:23  Zerg Flyer Weapons Level 1  
  196  13:51  Infestor  
  196  13:52  Infestor  
  196  13:53  Spore Crawler  
  196  13:54  Spore Crawler  
  197  13:56  Spore Crawler  
  197  14:02  Zergling x14  
  189  14:13  Zergling x14  
  174  14:27  Zergling x14  
  173  14:39  Corruptor x4  
  174  14:49  Infestor x4  
  157  15:02  Corruptor x4  
  157  15:03  Queen x2  
  160  15:10  Queen x2  
  160  15:13  Corruptor x4  
  168  15:15  Chitinous Plating  
  172  15:28  Corruptor x4  
  166  15:33  Ultralisk x3  
  166  15:35  Zerg Ground Armor Level 3, Hatchery  
  191  15:36  Zerg Melee Weapons Level 1  
  183  16:11  Viper x3  
  179  16:18  Zerg Flyer Armor Level 2, Zerg Flyer Weapons Level 2  
  183  16:33  Overseer  
  183  16:34  Hatchery  
  183  16:35  Anabolic Synthesis  
  183  16:37  Drone x3  
  183  16:38  Drone x6, Hatchery  
  190  16:49  Hatchery  
  187  16:57  Burrow  
  185  17:03  Drone x3  
  185  17:04  Drone x3  
  185  17:06  Zergling x2  
  185  17:07  Zergling x14  
  199  17:29  Spore Crawler  
  198  17:34  Baneling  
  198  17:35  Baneling x12  
  198  17:43  Overseer x3  
  195  17:52  Viper  
  181  18:36  Corruptor  
  181  18:37  Corruptor x8  
  181  18:40  Zergling x20  
  200  18:47  Zerg Flyer Weapons Level 3, Zerg Flyer Armor Level 3  
  200  19:02  Drone x2  
  195  19:25  Hatchery  
  195  19:27  Overseer  
  194  19:39  Viper x2  
  194  19:44  Overlord  
  194  19:45  Overlord  
  200  19:49  Zerg Melee Weapons Level 2  
  200  19:57  Spore Crawler  
  200  19:58  Spore Crawler  
  200  19:59  Spore Crawler  
  191  20:01  Spore Crawler x2  
  191  20:03  Spore Crawler  
  191  20:05  Spore Crawler  
  186  20:16  Drone x6  
  192  20:22  Baneling x10  
  181  21:05  Ultralisk x3  
  181  21:07  Zergling x2  
  200  21:26  Spore Crawler  
  190  22:09  Infestor  
  190  22:10  Infestor x2  
  190  22:11  Overlord  
  196  22:19  Overlord  
  196  22:27  Spore Crawler  
  196  22:29  Spore Crawler  
  194  22:31  Spore Crawler  
  194  22:32  Spore Crawler x2  
  194  22:35  Spore Crawler  
  194  22:36  Spore Crawler  
  189  22:46  Zergling x18  
  198  22:57  Spore Crawler  
  197  22:59  Spore Crawler x2  
  197  23:01  Spore Crawler  
  197  23:03  Spore Crawler  
  193  23:07  Baneling x13  
  184  23:36  Zergling x22  
  191  24:17  Spore Crawler x3  
  163  24:39  Corruptor x11  
  165  24:52  Corruptor x10  
  153  25:05  Ultralisk x5  
  153  25:13  Queen x2  
  126  25:21  Overseer x3  
  144  25:29  Hatchery  

Tags
 
Add a new tag
Caveats
  • Supply blocks, unpowered buildings, or Contaminate may cause inaccurate times.
  • Supply counts are checked every 10 seconds.